 Dungeon Crawl Stone Soup version 0.26-a0-23-g3ae7099 (webtiles) character file.

Game seed: 7369151880276363314, levelgen mode: deterministic

45597 Cycle the Unseen (level 14, -4/62 HPs)
             Began as a Spriggan Enchanter on May 27, 2020.
             Was an Initiate of Gozag.
             Shot with a bolt by an orc (18 damage)
             ... on level 2 of the Orcish Mines.
             The game lasted 01:46:49 (37013 turns).

Cycle the Unseen (Spriggan Enchanter)              Turns: 37013, Time: 01:46:49

Health: -4/62      AC:  3    Str:  4    XL:     14   Next: 1%
Magic:  30/32      EV: 30    Int: 21    God:    Gozag
Gold:   4217       SH:  0    Dex: 17    Spells: 27/39 levels left

rFire    + . .     SeeInvis +   G - +3 dagger (flame)
rCold    . . .     Gourm    .   (shield restricted)
rNeg     . . .     Faith    .   b - +1 robe
rPois    .         Spirit   .   (helmet restricted)
rElec    .         Reflect  .   (no cloak)
rCorr    .         Harm     .   (gloves unavailable)
MR       +++..                  (boots unavailable)
Stlth    ++++++....             u - amulet of magic regeneration
HPRegen  0.20/turn              j - ring of protection from magic
MPRegen  0.48/turn              c - ring of protection from fire

@: gold aura, very quick
A: very small, unfitting armour, see invisible, herbivore, speed 3, slow
metabolism 2
a: Potion Petition, Call Merchant, Bribe Branch, Renounce Religion


You were on level 2 of the Orcish Mines.
You worshipped Gozag.
Gozag was most pleased with you.
You were not hungry.

You visited 4 branches of the dungeon, and saw 18 of its levels.

You collected 4268 gold pieces.
You paid 51 gold pieces to Gozag.

Inventory:

Hand Weapons
 G - a +3 dagger of flaming (weapon)
 P - a +2 rapier of venom
Missiles
 m - 192 stones (quivered)
 A - a throwing net
Armour
 b - a +1 robe (worn)
 F - a +0 robe of cold resistance
 M - a +0 robe of fire resistance
Jewellery
 c - a ring of protection from fire (right hand)
 f - an uncursed amulet of regeneration
 g - an uncursed ring of fire
 j - a ring of protection from magic (left hand)
 u - an amulet of magic regeneration (around neck)
 w - a +6 ring of strength {unknown}
 E - an uncursed ring of positive energy
Wands
 n - a wand of flame (5)
 y - a wand of disintegration (12)
Scrolls
 k - a scroll of magic mapping
 x - a scroll of fear
 z - 5 scrolls of teleportation
 B - 2 scrolls of remove curse
 J - 2 scrolls of identify
Potions
 a - 2 potions of lignification
 e - a potion of invisibility
 h - a potion of resistance
 i - 3 potions of curing
 p - 4 potions of flight
 q - 2 potions of cancellation
 r - 3 potions of brilliance
 s - a potion of magic
 t - a potion of might
 v - a potion of berserk rage
 C - 7 potions of heal wounds
 D - 2 potions of stabbing
Miscellaneous
 l - a phial of floods
 o - a lightning rod (4/4)
Comestibles
 d - 26 rations


   Skills:
 + Level 1.9 Fighting
 - Level 10.0 Short Blades
 + Level 14.2 Dodging
 + Level 15.3 Stealth
 + Level 13.2 Spellcasting
 - Level 10.5 Hexes
 + Level 5.4 Ice Magic
 + Level 11.9 Evocations


You had 27 spell levels left.
You knew the following spells:

 Your Spells              Type           Power        Failure   Level  Hunger
a - Ensorcelled Hibernat  Hex/Ice        #####.       1%          2    None
b - Cause Fear            Hex            ######....   1%          4    None
c - Confusing Touch       Hex            ######..     1%          3    None
d - Tukima's Dance        Hex            ######..     1%          3    None

Your spell library contained the following spells:

 Spells                   Type           Power        Failure   Level  Hunger
 Corona                   Hex            ######.      1%          1    None
 Dazzling Flash           Conj/Hex       #####.       1%          3    None
 Silence                  Hex/Air        #####.....   16%         5    ####...
 Yara's Violent Unravell  Hex/Tmut       #####.....   16%         5    ####...
 Discord                  Hex            ######....   99%         8    #######


Dungeon Overview and Level Annotations

Branches:
Dungeon (9/15)             Temple (1/1) D:4            Lair (6/6) D:8
  Swamp (0/4) Lair:2        Snake (0/4) Lair:2        Slime (0/5) Lair:5
    Orc (2/2) D:9             Elf (0/3) Orc:2

Altars:
Ashenzari
Cheibriados
Elyvilon
Gozag
Makhleb
Qazlal
Ru
Sif Muna
Jiyva

Annotations:
D:7 exclusion: downstairs
Lair:1 exclusion: downstairs
Lair:2 exclusion: 4 oklob plants
Lair:6 2 transporters, Ndrwtcm's ghost, journeyman HOFi


Innate Abilities, Weirdness & Mutations

You are very small and have problems with some larger weapons.
You are too small for most types of armour.
You have supernaturally acute eyesight. (SInv)
You are a herbivore.
You cover ground extremely quickly.
You need to consume almost no food.


Message History

Aiming: Ensorcelled Hibernation (safe; 1% risk of failure)
Press: ? - help, Shift-Dir - straight line, f/p - centaur
Aim: a centaur, quivering 5 arrows (chance to defeat MR: 71%)
The centaur looks drowsy...
The orc completely misses you.
The helpless centaur fails to defend itself.
You stick the centaur like a pincushion!!!!
You burn the centaur!
You kill the centaur!
The orc closely misses you.
The orc knight shoots a bolt.
The bolt hits you!!
* * * LOW HITPOINT WARNING * * *
Unknown command.
The orc unwields a +0 mace.
The orc wields a +0 arbalest.
The orc shoots a bolt.
The bolt misses you.
There is a stone staircase leading up, spattered with blood here.
Things that are here:
3 arrows; a bolt The orc unwields a +0 hand axe.
The orc wields a +0 arbalest.
The orc shoots a bolt.
The bolt hits you!!
You die...
Your body crumbles into a pile of gold.

........#....o......##......,,,,*
........##..................,,,,*
..............<......(...#..,,,,,
............###)$.....(.##,,,<,,,
.##...(....)$(#...(..(..#..,,,,,,
#*##.....(o##.##....(....#,*,,,,,
###$......(.).(##($((..$##*,,,,,,
.##......(..$..#)..).......,,,,,,
.>.)(..([((.o(o.@(.(.......,,,,,,
.[......#...).)...(.##......,,,,,
........#..#..(...###*#.....,,*,,
....##...####....## *....,,,,,,
...####.## #......# *,...,*,*,,
##.#,*### #.(.#### **,,,,*****
#..** ##### *,,,,** #### **,,***
*,,,*


You could see an orc knight and 2 orcs.

Vanquished Creatures
  Josephine (Lair:5)
  12 hydras
  Erica (Lair:2)
  2 death yaks (Lair:4)
  2 two-headed ogres
  An ogre mage (Orc:2)
  An orc high priest (Orc:1)
  An orc knight (Orc:2)
  A lindwurm (Lair:5)
  An orc sorcerer (Orc:1)
  2 black mambas
  6 elephants
  9 spiny frogs
  3 rime drakes
  A torpor snail (Lair:4)
  2 komodo dragons
  A merfolk (D:9)
  6 polar bears
  5 hornets
  16 blink frogs
  2 dream sheep
  4 hippogriffs
  14 spriggans
  8 yaks
  A wyvern (Lair:3)
  3 wraiths (Lair:5)
  3 basilisks
  A steam dragon (Lair:3)
  A hungry ghost (D:8)
  Menkaure (D:5)
  3 wargs
  9 porcupines
  10 water moccasins
  A sky beast (D:7)
  An ice beast (D:7)
  3 black bears (Lair:6)
  2 phantoms
  15 orc warriors
  3 ogres
  3 centaurs (Orc:2)
  23 wolves
  5 boggarts (Lair:6)
  10 crocodiles
  A big kobold (D:7)
  12 bullfrogs
  A gnoll sergeant (D:4)
  2 wyvern skeletons
  A scorpion (D:8)
  4 killer bees (D:8)
  7 wights
  2 crimson imps
  A bullfrog zombie (D:6)
  4 jellies
  10 orc priests
  5 hounds
  A quasit (D:7)
  5 gnoll shamans (D:4)
  11 orc wizards
  3 iguanas
  Jessica (D:2)
  4 bullfrog skeletons
  3 worker ants
  A hound skeleton (D:7)
  Robin (D:3)
  42 gnolls
  A howler monkey skeleton (D:7)
  11 adders
  2 shadow imps
  An ooze (D:7)
  An adder zombie (D:6)
  A worm (D:2)
  3 dart slugs
  6 leopard geckos
  37 orcs
  2 ball pythons
  8 giant cockroaches
  16 goblins
  11 hobgoblins
  22 jackals (D:4)
  3 quokkas
  6 bats
  6 frilled lizards
  14 kobolds
  A leopard gecko skeleton (D:9)
  A quokka zombie (D:8)
  11 rats
486 creatures vanquished.

Vanquished Creatures (collateral kills)
  4 two-headed ogres
  An orc warrior (Orc:2)
  An ogre (Orc:2)
  A wight (D:9)
  An orc priest (D:9)
  2 orc wizards
10 creatures vanquished.

Vanquished Creatures (others)
  4 dancing weapons
  7 fungi
  9 plants
20 creatures vanquished.

Grand Total: 516 creatures vanquished

Notes
Turn   | Place    | Note
-------+----------+-------------------------------------------
     0 | D:1      | Cycle the Spriggan Enchanter began the quest for the Orb.
     0 | D:1      | Reached XP level 1. HP: 9/9 MP: 5/5
   619 | D:1      | Reached XP level 2. HP: 10/13 MP: 5/7
   825 | D:1      | Learned a level 2 spell: Ensorcelled Hibernation
  1784 | D:1      | Reached XP level 3. HP: 13/16 MP: 9/9
  1794 | D:1      | Learned a level 3 spell: Confusing Touch
  1798 | D:1      | Learned a level 3 spell: Tukima's Dance
  1959 | D:2      | Noticed Jessica
  1997 | D:2      | Killed Jessica
  1997 | D:2      | Reached skill level 5 in Spellcasting
  1997 | D:2      | Reached XP level 4. HP: 8/21 MP: 4/12
  2901 | D:3      | Reached XP level 5. HP: 19/24 MP: 5/14
  3075 | D:3      | Noticed Robin
  3714 | D:3      | Reached skill level 5 in Hexes
  3742 | D:3      | Found a burning altar of Makhleb.
  3915 | D:3      | Killed Robin
  3915 | D:3      | Reached XP level 6. HP: 12/28 MP: 12/16
  5029 | D:4      | Reached skill level 5 in Stealth
  5088 | D:4      | Found a staircase to the Ecumenical Temple.
  5095 | Temple   | Entered the Ecumenical Temple
  5108 | Temple   | Became a worshipper of Gozag Ym Sagoz the Greedy
  6223 | D:4      | Reached XP level 7. HP: 32/32 MP: 13/18
  7417 | D:4      | Reached skill level 6 in Stealth
  7867 | D:4      | Reached skill level 5 in Dodging
  8428 | D:4      | Reached XP level 8. HP: 36/36 MP: 17/20
  8726 | D:5      | Entered Level 5 of the Dungeon
  9124 | D:5      | Noticed Menkaure
 10454 | D:5      | Killed Menkaure
 10454 | D:5      | Reached skill level 7 in Stealth
 10807 | D:6      | Reached skill level 1 in Evocations
 12113 | D:7      | Noticed a hippogriff
 12121 | D:7      | Killed a hippogriff
 12121 | D:7      | Reached skill level 8 in Stealth
 12121 | D:7      | Reached XP level 9. HP: 39/39 MP: 22/22
 13205 | D:7      | Reached skill level 5 in Short Blades
 13912 | D:8      | Noticed a two-headed ogre
 13936 | D:8      | Reached skill level 9 in Stealth
 13951 | D:8      | Killed a two-headed ogre
 14319 | D:8      | Reached skill level 5 in Evocations
 14881 | D:8      | Reached XP level 10. HP: 44/44 MP: 24/24
 15162 | D:8      | Found a staircase to the Lair.
 15262 | Lair:1   | Entered Level 1 of the Lair of Beasts
 15453 | Lair:1   | Reached skill level 10 in Stealth
 15570 | Lair:1   | Reached skill level 1 in Ice Magic
 15826 | Lair:1   | Noticed a black mamba
 15829 | Lair:1   | Killed a black mamba
 16147 | Lair:2   | Noticed Erica
 16211 | Lair:1   | Reached skill level 10 in Spellcasting
 16375 | Lair:2   | Noticed an oklob plant
 16375 | Lair:2   | Noticed a four-headed hydra
 16375 | Lair:2   | Noticed a four-headed hydra
 16375 | Lair:2   | Noticed an oklob plant
 16375 | Lair:2   | Noticed an oklob plant
 16375 | Lair:2   | Noticed an oklob plant
 16428 | Lair:2   | Killed a four-headed hydra
 16428 | Lair:2   | Reached skill level 11 in Stealth
 16450 | Lair:2   | Noticed a six-headed hydra
 16485 | Lair:2   | Killed a six-headed hydra
 16485 | Lair:2   | Reached skill level 10 in Dodging
 16485 | Lair:2   | Reached XP level 11. HP: 43/47 MP: 18/26
 16531 | Lair:2   | Found a staircase to the Snake Pit.
 16767 | Lair:2   | Found a staircase to the Swamp.
 16781 | Lair:2   | Got a transparent hunting sling
 16929 | Lair:2   | Killed a four-headed hydra
 17417 | Lair:2   | Killed Erica
 17674 | Lair:2   | Reached skill level 12 in Stealth
 18488 | Lair:3   | Found a shattered altar of Ashenzari.
 19618 | Lair:3   | Reached XP level 12. HP: 51/51 MP: 25/28
 20020 | Lair:3   | Found a shattered altar of Ashenzari.
 21175 | Lair:3   | Found a shattered altar of Ashenzari.
 21755 | Lair:4   | Lost strength.
 21755 | Lair:4   | Identified the +6 hunting sling "Ilaxkola" {flame, rElec
                  | rPois Str-5} (You found it on level 2 of the Lair of
                  | Beasts)
 21984 | Lair:4   | Found a snail-covered altar of Cheibriados.
 22062 | Lair:4   | Noticed a seven-headed hydra
 22091 | Lair:4   | Killed a seven-headed hydra
 22178 | Lair:4   | Noticed a death yak
 22178 | Lair:4   | Noticed a death yak
 23124 | Lair:4   | Killed a death yak
 23986 | Lair:4   | Found a snail-covered altar of Cheibriados.
 25281 | Lair:4   | Killed a death yak
 25281 | Lair:4   | Reached skill level 13 in Stealth
 25996 | Lair:4   | Noticed a five-headed hydra
 26003 | Lair:4   | Killed a five-headed hydra
 26036 | Lair:4   | Noticed a seven-headed hydra
 26041 | Lair:4   | Killed a seven-headed hydra
 26041 | Lair:4   | Reached skill level 10 in Evocations
 26249 | Lair:5   | Noticed a seven-headed hydra
 26642 | Lair:5   | Noticed Josephine
 26710 | Lair:5   | Killed a seven-headed hydra
 26802 | Lair:5   | Noticed a four-headed hydra
 26808 | Lair:5   | Killed a four-headed hydra
 27045 | Lair:5   | Noticed an eight-headed hydra
 27677 | Lair:5   | Killed an eight-headed hydra
 27714 | Lair:5   | Reached XP level 13. HP: 55/55 MP: 25/30
 27752 | Lair:5   | Reached skill level 14 in Stealth
 27840 | Lair:5   | Found a staircase to the Slime Pits.
 27840 | Lair:5   | Found a viscous altar of Jiyva.
 27996 | Lair:5   | Killed Josephine
 27996 | Lair:5   | Reached skill level 5 in Ice Magic
 28128 | Lair:6   | Entered Level 6 of the Lair of Beasts
 28152 | Lair:6   | Found a transporter.
 28164 | Lair:6   | Noticed Ndrwtcm's ghost (journeyman HOFi)
 28771 | Lair:6   | Reached skill level 10 in Short Blades
 29014 | Lair:6   | Found a transporter.
 29813 | Lair:6   | Reached skill level 10 in Hexes
 30942 | Lair:6   | Found a transporter.
 31319 | Lair:6   | Found a transporter.
 32725 | Lair:6   | Found a transporter.
 32740 | Lair:6   | Found a transporter.
 33964 | D:9      | Found a shimmering blue altar of Sif Muna.
 34482 | D:8      | Reached skill level 15 in Stealth
 34889 | D:9      | Found a staircase to the Orcish Mines.
 35339 | D:9      | Found a stormy altar of Qazlal.
 35472 | Orc:1    | Entered Level 1 of the Orcish Mines
 35687 | D:9      | Reached skill level 1 in Fighting
 35705 | D:9      | Learned a level 4 spell: Cause Fear
 35970 | Orc:2    | Entered Level 2 of the Orcish Mines
 36210 | Orc:2    | Found a staircase to the Elven Halls.
 36586 | Orc:2    | Reached XP level 14. HP: 62/62 MP: 21/32
 37013 | Orc:2    | Shot with a bolt by an orc

Illustrated notes

Levels and vault maps discovered:
D:1:      dpeg_arrival_water_fire, layout_basic, minmay_tetromino_s2
D:2:      layout_basic, first_ration, uniq_jessica
D:3:      layout_loops_corners, makhleb_heckhound_becter, uniq_robin
D:4:      lemuel_castle_with_subvaults [lemuel_castle_interior_original],
          layout_basic, minmay_temple_entry_nine_rooms
D:5:      layout_loops_ring, uniq_menkaure
D:6:      layout_basic
D:7:      layout_layer_cave, serial_glass, glass_columns_a, glass_columns_c,
          glass_columns_a, glass_columns_c, glass_columns_a, glass_columns_a,
          glass_columns_a, glass_columns_b, feat_on_display, st_stairs_8
D:8:      layout_rooms, lair_entry_dummy
D:9:      layout_rooms, lemuel_round_altar, erik_orc_2, hangedman_fish_farm,
          serial_bayou_pond_d, nicolae_qazlal_general_emergency
Temple:   minmay_crystal_snake_temple
Lair:1:   layout_loops_ring
Lair:2:   layout_small_grid, swamp_mist_pool, dummy_snake_entry,
          nicolae_quartered_pool_medium, minmay_lair_oklob_chamber,
          lemuel_fruit_tree, uniq_erica
Lair:3:   layout_loops_ring, basic_altar, chequers_serial_rivers_marsh,
          wad_woods_02, grunt_megastairs_1, serial_bayou_shore_a,
          infiniplex_staircase_pool_2
Lair:4:   cheibrodos_lair_overgrown_chateau, layout_regular_city, basic_altar
Lair:5:   layout_loops_ring, slime_altar_1, uniq_josephine
Lair:6:   minmay_lair_end_enchanted_forest, layout_hall_layers,
          gammafunk_ghost_berserking_beasts
Orc:1:    layout_caves, basic_altar, uniq_erolcha
Orc:2:    st_orc_rangers, layout_diamond_mine, serial_shops, bzr_entry_dummy,
          shop, shop

Skill      XL: |  1  2  3  4  5  6  7  8  9 10 11 12 13 |
---------------+----------------------------------------+-----
Spellcasting   | 3 4 5 6 7 8 9 10 11 12 13 | 13.2
Hexes          | 4 5 6 7 8 9 10 | 10.5
Stealth        | 5 6 8 9 11 12 13 15 | 15.3
Short Blades   | 2 3 4 6 7 8 9 10 | 10.0
Dodging        | 5 6 8 10 11 12 14 | 14.2
Evocations     | 2 5 7 9 10 11 | 11.9
Ice Magic      | 2 4 5 |  5.4
Fighting       | 1 |  1.9

Action                   |  1- 3 |  4- 6 |  7- 9 | 10-12 | 13-15 || total
-------------------------+-------+-------+-------+-------+-------++-------
Melee: Dagger            |   157 |   221 |   261 |   228 |   293 ||  1160
Throw: Stone             |       |     2 |     8 |     5 |     3 ||    18
       Dart              |       |     1 |       |       |       ||     1
 Cast: Corona            |    18 |    17 |       |       |       ||    35
       Ensorcelled Hiber |     2 |    98 |   176 |   168 |   145 ||   589
       Confusing Touch   |       |       |    17 |    30 |    33 ||    80
       Tukima's Dance    |       |       |    13 |     3 |    29 ||    45
       Cause Fear        |       |       |       |       |     3 ||     3
Evoke: Wand              |       |       |     5 |    38 |       ||    43
       Lightning rod     |       |       |       |       |     3 ||     3
  Use: Scroll            |       |     6 |     3 |    13 |     7 ||    29
       Potion            |       |       |     1 |       |       ||     1
 Stab: Sleeping          |    12 |    63 |   107 |    93 |    89 ||   364
       Distracted        |       |       |     3 |     1 |     3 ||     7
       Confused          |       |       |    18 |    19 |    30 ||    67
  Eat: Ration            |       |     2 |     4 |     6 |     4 ||    16
Armor: Robe              |    15 |    25 |    11 |     2 |     7 ||    60
Dodge: Dodged            |   106 |   172 |   127 |   138 |   230 ||   773

Table legend:
 A = Non-vault XP
 B = Vault XP
 C = Vault XP percentage of total XP
 D = Non-vault monster count
 E = Vault monster count
 F = Vault count percentage of total count
                 A         B        C        D         E       F
            +---------+---------+-------+---------+---------+-------
      Total |   42422 |   22717 |  34.9 |     312 |     184 |  37.1
            +---------+---------+-------+---------+---------+-------
        D:1 |      40 |       2 |   4.8 |      22 |       2 |   8.3
        D:2 |     102 |      37 |  26.6 |      32 |       1 |   3.0
        D:3 |     182 |      77 |  29.7 |      14 |      13 |  48.1
        D:4 |     204 |     871 |  81.0 |      20 |      59 |  74.7
        D:5 |     162 |     175 |  51.9 |       8 |       1 |  11.1
        D:6 |     552 |       0 |   0.0 |      16 |       0 |   0.0
        D:7 |    1246 |      42 |   3.3 |      33 |       1 |   2.9
        D:8 |    2086 |     129 |   5.8 |      34 |       1 |   2.9
        D:9 |    1405 |    1086 |  43.6 |      16 |      21 |  56.8
     Lair:1 |    2418 |       0 |   0.0 |      10 |       0 |   0.0
     Lair:2 |    6672 |    3299 |  33.1 |      19 |       6 |  24.0
     Lair:3 |    3012 |    1090 |  26.6 |      17 |       5 |  22.7
     Lair:4 |    5183 |    4050 |  43.9 |      16 |      15 |  48.4
     Lair:5 |    6765 |    1730 |  20.4 |      20 |       5 |  20.0
     Lair:6 |    7029 |    8500 |  54.7 |      15 |      44 |  74.6
      Orc:1 |    1906 |       0 |   0.0 |       9 |       0 |   0.0
      Orc:2 |    3458 |    1629 |  32.0 |      11 |      10 |  47.6
            +---------+---------+-------+---------+---------+-------
